 Dungeon Crawl Stone Soup version 0.18-a0-1805-g8ab820f (webtiles) character file.

100 juanjsm the Sneak (level 4, -5/21 HPs)
             Began as a Spriggan Enchanter on Apr 25, 2016.
             Shot with an arrow by a centaur (9 damage)
             ... on level 3 of the Dungeon.
             The game lasted 00:06:57 (1845 turns).

juanjsm the Sneak (Spriggan Enchanter)              Turns: 1845, Time: 00:06:58

Health: -5/21      AC:  0    Str:  4    XL:     4   Next: 47%
Magic:  4/9        EV: 19    Int: 17    God:
Gold:   98         SH:  0    Dex: 16    Spells: 4 memorised, 0 levels left

rFire  . . .     SeeInvis +     a - +1 dagger
rCold  . . .     Gourm    .     (armour restricted)
rNeg   . . .     Faith    .     (shield restricted)
rPois  .         Spirit   .     (helmet restricted)
rElec  .         Dismiss  .     (no cloak)
rCorr  .         Reflect  .     (gloves unavailable)
SustAt .         Harm     .     (boots unavailable)
MR     .....                    (no amulet)
Stlth  +++.......               (no ring)
                                (no ring)

@: very slightly contaminated, very quick, not resistant to hostile
enchantments, fairly stealthy
A: unfitting armour, see invisible, herbivore 3, speed 3, slow metabolism 2
a: no special abilities


You were on level 3 of the Dungeon.
You were very hungry.

You visited 1 branch of the dungeon, and saw 3 of its levels.

You collected 98 gold pieces.

Inventory:

Hand Weapons
 a - a +1 dagger (weapon)
Armour
 b - a +1 robe
 l - a +0 robe of cold resistance
Scrolls
 e - a scroll of fear {unknown}
 g - 3 scrolls of identify {unknown}
 j - 3 scrolls of remove curse {unknown}
Potions
 f - a potion of agility
 h - a potion of beneficial mutation {unknown}
 i - a potion of curing
 k - a potion of cure mutation {unknown}
 m - a potion of ambrosia {unknown}
 n - a potion of flight {unknown}
Books
 c - a book of Maledictions

   Spells                             Type                      Level
   a - Corona                         Hexes                        1
   b - Ensorcelled Hibernation        Hexes/Ice                    2
   c - Confuse                        Hexes                        3
   d - Tukima's Dance                 Hexes                        3
   e - Dazzling Spray                 Conjuration/Hexes            3
Comestibles
 d - 3 bread rations
 o - a slice of pizza


   Skills:
 + Level 0.7 Fighting
 + Level 1.3 Short Blades
 + Level 3.8 Dodging
 + Level 5.3 Stealth
 + Level 3.3 Spellcasting
 + Level 4.7 Hexes
 + Level 0.4 Ice Magic


You couldn't memorise any spells.
You knew the following spells:

 Your Spells              Type           Power        Failure   Level  Hunger
a - Corona                Hex            ###....      2%          1    None
b - Ensorcelled Hibernat  Hex/Ice        ##....       12%         2    ##.....
c - Confuse               Hex            ###.....     10%         3    ###....
d - Dazzling Spray        Conj/Hex       ##......     21%         3    ###....


Dungeon Overview and Level Annotations

Branches:
Dungeon (3/15)

Altars:

Annotations:
D:3 Sagrath01's ghost, amateur TeWz


Innate Abilities, Weirdness & Mutations

You are tiny and cannot use many weapons and most armour.
You have supernaturally acute eyesight.
You are a herbivore.
You cover ground extremely quickly.
You need consume almost no food.


Message History

The centaur shoots an arrow.
The arrow closely misses you.
The centaur shoots an arrow.
The arrow hits you!
Casting: Confuse
Confirm with . or Enter, or press ? or * to list all spells.
Aiming: Confuse
Press: ? - help, Shift-Dir - straight line, f/p - centaur
Aim: a centaur, wielding a shortbow (chance to defeat MR: 50%)
The centaur resists with some effort.
The centaur shoots an arrow.
The arrow hits you!
* * * LOW HITPOINT WARNING * * *
The centaur shoots an arrow.
The arrow barely misses you.
The centaur shoots an arrow.
The arrow barely misses you.
There is an open door here.
You see here a goblin corpse.
There is a stone staircase leading up here.
There is an open door here.
The centaur shoots an arrow.
The arrow completely misses you.
You see here an arrow.
The centaur shoots an arrow.
The arrow hits you!
You die...

....###.'...#.#
#...#.##.#
.....##.#...#.#
#####....#
.....##.#†..#.# ######
........#...#.#
........#...#.##########
........+...#.##...)...#
.......##.).#.##.#.....#
†......##...#.##(#.....#
........#...#.##@#.....#
####....##.##.##.#.....#
####.##.......#'#####
#.#####[###....#
#..####+###c...#
#.........<....#
#.........#....#
#........†#....#
#.........#....#


You could see a centaur.

Vanquished Creatures
  4 adders
  2 worms (D:3)
  A dart slug (D:1)
  6 orcs (D:3)
  5 bats (D:1)
  2 giant cockroaches
  8 goblins
  6 hobgoblins
  3 jackals (D:1)
  4 giant newts
  5 kobolds
  2 rats
48 creatures vanquished.

Notes
Turn   | Place    | Note
--------------------------------------------------------------
     0 | D:1      | juanjsm the Spriggan Enchanter began the quest for the Orb.
     0 | D:1      | Reached XP level 1. HP: 9/9 MP: 5/5
    79 | D:1      | Reached XP level 2. HP: 5/13 MP: 2/6
    83 | D:1      | Learned a level 2 spell: Ensorcelled Hibernation
   628 | D:1      | Reached XP level 3. HP: 6/16 MP: 0/8
   998 | D:1      | Learned a level 3 spell: Confuse
  1026 | D:2      | Reached skill level 5 in Stealth
  1374 | D:3      | Noticed Sagrath01's ghost (amateur TeWz)
  1415 | D:3      | Reached XP level 4. HP: 7/21 MP: 1/9
  1518 | D:3      | Learned a level 3 spell: Dazzling Spray
  1821 | D:3      | Noticed a centaur
  1845 | D:3      | Shot with an arrow by a centaur

Vault maps used:
D:1:      dpeg_arrival_boxorama

Skill      XL: |  1  2  3 |
---------------+----------+-----
Hexes          | 4 |  4.7
Spellcasting   | 3 |  3.3
Stealth        | 5 |  5.3
Fighting       | |  0.7
Short Blades   | |  1.3
Dodging        | |  3.8
Ice Magic      | |  0.4

Action                   |  1- 3 |  4- 6 || total
-------------------------+-------+-------++-------
Melee: Dagger            |   125 |    35 ||   160
 Cast: Corona            |     9 |     1 ||    10
       Ensorcelled Hiber |    20 |     8 ||    28
       Confuse           |     1 |     1 ||     2
  Use: Potion            |       |     2 ||     2
 Stab: Sleeping          |    11 |     9 ||    20
       Distracted        |     1 |       ||     1
       Confused          |     1 |       ||     1
Armor: Robe              |    15 |     1 ||    16
Dodge: Dodged            |   124 |    23 ||   147
